 Dungeon Crawl Stone Soup version 0.30.0-29-ga12c61a403 (webtiles) character file.

Game seed: 8249528824751098693

13715 LustLizard the Zephyrmancer (level 11, -3/66 HPs)
             Began as a Deep Elf Air Elementalist on June 22, 2023.
             Was a Follower of Vehumet.
             Slain by a white ugly thing (11 damage)
             ... on level 11 of the Dungeon on June 23, 2023.
             The game lasted 00:24:12 (13827 turns).

LustLizard the Zephyrmancer (DEAE)                 Turns: 13827, Time: 00:24:13

Health: -3/66      AC:  5    Str:  7    XL:     11   Next: 79%
Magic:  21/27      EV: 12    Int: 23    God:    Vehumet [*.....]
Gold:   284        SH:  0    Dex: 13    Spells: 15/31 levels left

rFire   + . .        t - +10 spear "Wumita" {flame, rC+}
rCold   + . .        (no shield)
rNeg    . . .        q - +2 robe "Jatozxum" {rPois Will++ rCorr Dex-2}
rPois   +            (no helmet)
rElec   .            J - scarf {+Inv}
rCorr   +            (no gloves)
SInv    +            G - +0 pair of boots
Will    +++..        (no amulet)
Stlth   ++           F - ring of protection from fire
HPRegen 0.31/turn    H - ring of see invisible
MPRegen 0.20/turn

%: no passive effects
@: no status effects
A: no striking features
a: Renounce Religion, Evoke Invisibility


You were on level 11 of the Dungeon.
You worshipped Vehumet.
Vehumet was aware of your devotion.
You visited 2 branches of the dungeon, and saw 12 of its levels.

You collected 639 gold pieces.
You spent 355 gold pieces at shops.

Inventory:

Hand Weapons
 a - the +6 short sword "Luutreupa" {protect, Int+3}
   (You found it on level 2 of the Dungeon)

   Int:       It affects your intelligence (+3).
 t - the +10 spear "Wumita" (weapon) {flame, rC+}
   (You took it off Sigmund on level 3 of the Dungeon)

   rC:        It protects you from cold.
Armour
 o - a +0 buckler
 q - the +2 robe "Jatozxum" (worn) {rPois Will++ rCorr Dex-2}
   (You found it on level 2 of the Dungeon)

   Dex:       It affects your dexterity (-2).
   rPois:     It protects you from poison.
   rCorr:     It protects you from acid and corrosion.
   Will:      It greatly increases your willpower.
 u - a +2 robe of willpower
 G - a +0 pair of boots (worn)
 J - a scarf of invisibility (worn)
Jewellery
 F - a ring of protection from fire (left hand)
 H - a ring of see invisible (right hand)
 L - a ring of ice
Wands
 c - a wand of polymorph (11)
 r - a wand of charming (4) (quivered)
 s - a wand of acid (4)
 y - a wand of iceblast (18)
 I - a wand of flame (45)
 K - a wand of digging (7)
Scrolls
 f - a scroll of fear
 h - 4 scrolls of noise {unknown}
 i - a scroll of blinking
 j - 3 scrolls of poison
 m - 3 scrolls of teleportation {unknown}
 n - a scroll of enchant weapon {unknown}
 p - 3 scrolls of fog {unknown}
 v - 3 scrolls of silence
 w - a scroll of brand weapon {unknown}
 x - a scroll of magic mapping {unknown}
 C - a scroll of enchant armour {unknown}
 M - a scroll of amnesia {unknown}
Potions
 b - a potion of magic
 d - a potion of invisibility
 e - 4 potions of curing
 g - 3 potions of haste
 k - 3 potions of lignification
 l - 4 potions of might
 z - 3 potions of mutation
 A - a potion of brilliance
 B - a potion of heal wounds
 D - a potion of resistance
 E - a potion of flight


   Skills:
 + Level 6.4 Fighting
 - Level 2.4 Dodging
 - Level 4.0 Stealth
 + Level 10.5 Spellcasting
 + Level 8.5 Conjurations
 * Level 11.5 Air Magic
 * Level 8.0 Poison Magic
 + Level 2.6 Evocations


You had 15 spell levels left.
You knew the following spells:

 Your Spells              Type           Power      Damage    Failure   Level
a - Shock                 Conj/Air       100%       1d9       1%          1
b - Static Discharge      Conj/Air       100%       2-7/arc   1%          2
c - Swiftness             Air            60%        N/A       1%          3
d - Airstrike             Air            30%        2d(5-21)  1%          4
e - Poisonous Vapours     Pois/Air       100%       N/A       1%          2
f - Olgreb's Toxic Radia  Pois           49%        N/A       1%          4

Your spell library contained the following spells:

 Spells                   Type           Power      Damage    Failure   Level
 Freeze                   Ice            48%        1d6       5%          1
 Kiss of Death            Conj/Necr      100%       2d13      1%          1
 Magic Dart               Conj           100%       1d8       1%          1
 Sting                    Tmut/Pois      100%       1d8       1%          1
 Momentum Strike          Conj/Tloc      62%        3d9       1%          2
 Mephitic Cloud           Conj/Pois/Air  53%        N/A       1%          3
 Stone Arrow              Conj/Erth      62%        3d10      2%          3
 Iskenderun's Battlesphe  Conj           51%        2d10      4%          5
 Apportation              Tloc           24%        N/A       5%          1
 Necrotise                Necr           48%        1d6       5%          1
 Sandblast                Erth           24%        2d8       5%          1
 Summon Small Mammal      Summ           48%        N/A       5%          1
 Call Imp                 Summ           24%        N/A       9%          2
 Passwall                 Tmut/Erth      10%        N/A       9%          2
 Sublimation of Blood     Necr           12%        N/A       9%          2
 Wereblood                Tmut           12%        N/A       9%          2
 Call Canine Familiar     Summ           12%        N/A       16%         3
 Confusing Touch          Hex            12%        N/A       16%         3
 Frozen Ramparts          Ice            24%        1d4       16%         3
 Inner Flame              Hex/Fire       12%        N/A       16%         3
 Portal Projectile        Hex/Tloc       24%        N/A       16%         3
 Dispel Undead            Necr           12%        3d9       47%         4
 Ice Form                 Ice/Tmut       12%        N/A       47%         4
 Leda's Liquefaction      Hex/Erth       6%         N/A       47%         4
 Summon Ice Beast         Ice/Summ       12%        N/A       47%         4
 Summon Hydra             Summ           6%         N/A       100%        7


Dungeon Overview and Level Annotations

Branches:
Dungeon (11/15)            Temple (1/1) D:7            Lair (0/5) D:9
    Orc (0/2) D:10

Altars:
Ashenzari
Cheibriados
Dithmenos
Elyvilon
Fedhas
Gozag
Hepliaklqana
Kikubaaqudgha
Makhleb
Nemelex Xobeh
Okawaru
Qazlal
Ru
Sif Muna
Trog
Uskayaw
Vehumet
Wu Jian
Xom
Yredelemnul
Zin
The Shining One

Shops:
D:2 :   D:7 [*:[   D:10 *

Annotations:
D:3 3 runed translucent doors, xelgaze's ghost, novice SpWr


Message History

Aiming: Charm
Press: ? - help, Q - select action, (/) - cycle Shift-Dir - straight line, f/p - green ugly thing
Aim: a green ugly thing (moderately wounded, chance to affect: 37%)
The green ugly thing resists with some effort.
You hear a horrible gurgling sound!
The green ugly thing tentacle-slaps you!
Aiming: Charm
Press: ? - help, Q - select action, (/) - cycle Shift-Dir - straight line, f/p - green ugly thing
Aim: a green ugly thing (moderately wounded, chance to affect: 37%)
The green ugly thing resists with some effort.
The green ugly thing tentacle-slaps you.
The green ugly thing basks in the mutagenic energy from its kin and changes!
Aiming: Charm
Press: ? - help, Q - select action, (/) - cycle Shift-Dir - straight line, f/p - green ugly thing
Aim: a green ugly thing (moderately wounded, chance to affect: 37%)
The green ugly thing resists with some effort.
Unknown command.
Aiming: Charm
Press: ? - help, Q - select action, (/) - cycle Shift-Dir - straight line, f/p - green ugly thing
Aim: a green ugly thing (moderately wounded, chance to affect: 37%)
The green ugly thing resists with some effort.
The green ugly thing tentacle-slaps you but does no damage.
Unknown command.
Aiming: Charm
Press: ? - help, Q - select action, (/) - cycle Shift-Dir - straight line, f/p - green ugly thing
Aim: a green ugly thing (moderately wounded, chance to affect: 37%)
The green ugly thing resists with some effort.
The green ugly thing basks in the mutagenic energy from its kin and changes!
The white ugly thing tail-slaps you!
* * * LOW HITPOINT WARNING * * *
The white ugly thing freezes you! You resist.
* * * LOW HITPOINT WARNING * * *
Aiming: Charm
Press: ? - help, Q - select action, (/) - cycle Shift-Dir - straight line, f/p - white ugly thing
Aim: a white ugly thing (moderately wounded, chance to affect: 37%)
The white ugly thing resists with some effort.
The white ugly thing tail-slaps you.
* * * LOW HITPOINT WARNING * * *
The white ugly thing freezes you! You resist.
You die...

..####### #
.u......# ######.#
..#####u###......#
#@u........#
#.^##.######
#..##.# #........
##..##.# .........
....##.#
..........#
#..###.#
...........# #..#
#.# ...........#
#..###.###
...........#
#..#.....#


You could see 2 ugly things.

Vanquished Creatures
  Erolcha (D:9)
  A hydra (D:9)
  A boulder beetle (D:11)
  2 two-headed ogres
  4 lindwurms (D:10)
  A gargoyle (D:11)
  Psyche (D:9)
  A troll (D:9)
  2 hornets
  Sigmund (D:3)
  A slime creature (D:9)
  A wyvern (D:11)
  A wraith (D:11)
  12 yaks
  Grum (D:9)
  A steam dragon (D:7)
  Edmund (D:6)
  Duvessa (D:5)
  A water moccasin (D:6)
  A hornet zombie (D:6)
  6 orc warriors
  An ice beast (D:8)
  2 ogres
  4 wolves (D:9)
  10 centaurs
  3 phantoms
  A gnoll sergeant (D:5)
  4 bullfrogs
  A necrophage (D:6)
  A scorpion (D:5)
  10 wights
  Dowan (D:5)
  A killer bee (D:9)
  3 howler monkeys
  An electric eel (D:7)
  3 centaur zombies (D:6)
  5 bullfrog zombies
  7 hounds
  2 jellies
  6 orc priests
  A human zombie (D:6)
  2 sleepcaps
  Ijyb (D:3)
  Terence (D:3)
  5 iguanas
  8 orc wizards
  A killer bee zombie (D:5)
  2 hound zombies (D:5)
  A hound skeleton (D:5)
  2 mummies (D:6)
  8 gnolls
  9 adders
  A shadow imp (D:8)
  3 white imps
  An adder skeleton (D:5)
  An adder zombie (D:5)
  2 worms
  4 dart slugs
  44 orcs
  5 ball pythons
  6 endoplasms
  A giant cockroach (D:1)
  10 goblins
  7 hobgoblins
  8 jackals
  6 kobolds
  4 quokkas
  4 bats
  5 frilled lizards
  3 rats
264 creatures vanquished.

Notes
Turn   | Place    | Note
-------+----------+-------------------------------------------
     0 | D:1      | LustLizard the Deep Elf Air Elementalist began the quest
                  | for the Orb.
     0 | D:1      | Reached XP level 1. HP: 10/10 MP: 6/6
   232 | D:1      | Reached XP level 2. HP: 15/15 MP: 2/8
   953 | D:2      | Reached XP level 3. HP: 20/20 MP: 4/9
   960 | D:2      | Learned a level 2 spell: Static Discharge
   964 | D:2      | Learned a level 3 spell: Swiftness
  1067 | D:2      | Reached skill level 1 in Fighting
  1222 | D:2      | Found Pyuweracve's Book Shoppe.
  1307 | D:2      | Identified the +2 robe "Jatozxum" {rPois Will++ rCorr
                  | Dex-2}
  1326 | D:2      | Identified the +6 short sword "Luutreupa" {protect, Int+3}
  1508 | D:2      | Reached XP level 4. HP: 25/25 MP: 8/11
  1610 | D:3      | Noticed Sigmund
  1712 | D:3      | Got Pifue's Grimoire of the Barrage and Cinders
  1747 | D:3      | Found a faded altar of an unknown god.
  1747 | D:3      | Noticed a Hell Sentinel
  1776 | D:3      | Found a runed translucent gate.
  1783 | D:3      | Found a runed translucent gate.
  1784 | D:3      | Found a runed translucent gate.
  1789 | D:3      | Noticed Ijyb
  1799 | D:3      | Killed Ijyb
  1800 | D:3      | Reached skill level 4 in Air Magic
  1919 | D:3      | Noticed Terence
  1927 | D:3      | Killed Terence
  2051 | D:3      | Noticed xelgaze's ghost (novice SpWr)
  2087 | D:3      | Reached XP level 5. HP: 29/29 MP: 1/12
  2312 | D:3      | Found a white marble altar of Elyvilon.
  2352 | D:3      | Identified the +10 spear "Wumita" {flame, rC+}
  2362 | D:3      | Learned a level 4 spell: Airstrike
  2376 | D:3      | Killed Sigmund
  2377 | D:3      | Reached XP level 6. HP: 17/35 MP: 1/14
  2651 | D:3      | Reached skill level 5 in Air Magic
  3161 | D:4      | Reached XP level 7. HP: 40/40 MP: 4/16
  3384 | D:4      | Reached skill level 5 in Spellcasting
  3476 | D:4      | Found a shimmering blue altar of Sif Muna.
  3561 | D:5      | Entered Level 5 of the Dungeon
  3640 | D:5      | Reached skill level 6 in Air Magic
  4088 | D:5      | Reached XP level 8. HP: 46/46 MP: 13/18
  4147 | D:5      | Found a snail-covered altar of Cheibriados.
  4370 | D:5      | Noticed Duvessa
  4372 | D:5      | Noticed Dowan
  4384 | D:5      | Killed Duvessa
  4387 | D:5      | Killed Dowan
  4579 | D:5      | Reached skill level 7 in Air Magic
  4622 | D:5      | Found a shimmering altar of Xom.
  4875 | D:5      | Reached skill level 5 in Conjurations
  5338 | D:6      | Reached XP level 9. HP: 52/52 MP: 1/21
  5338 | D:6      | Noticed Edmund
  5462 | D:6      | Killed Edmund
  5463 | D:6      | Reached skill level 8 in Air Magic
  6372 | D:6      | Found a basalt altar of Yredelemnul.
  6789 | D:7      | Found Wehuevi's General Store.
  6797 | D:7      | Bought a scroll of blinking for 75 gold pieces
  6857 | D:7      | Found Difis's Book Emporium.
  6859 | D:7      | Found Tiept's Armour Boutique.
  6866 | D:7      | Found a staircase to the Ecumenical Temple.
  6868 | D:7      | Bought a Young Poisoner's Handbook for 280 gold pieces
  6871 | D:7      | Learned a level 2 spell: Poisonous Vapours
  6880 | Temple   | Entered the Ecumenical Temple
  7113 | D:7      | Reached skill level 9 in Air Magic
  7113 | D:7      | Reached skill level 1 in Poison Magic
  7425 | D:7      | Found a shadowy altar of Dithmenos.
  7561 | D:7      | Found a bloodstained altar of Trog.
  7566 | D:7      | Found a glowing silver altar of Zin.
  7567 | D:7      | Found a radiant altar of Vehumet.
  7695 | D:7      | Became a worshipper of Vehumet
  7809 | D:7      | Found a hide-covered altar of Uskayaw.
  8013 | D:7      | Found Gojaol's Armour Boutique.
  8343 | D:8      | Reached skill level 5 in Fighting
  8343 | D:8      | Reached XP level 10. HP: 45/59 MP: 15/24
  8766 | D:8      | Found an ornate altar of the Wu Jian Council.
  9664 | D:9      | Noticed Grum
  9665 | D:9      | Noticed Psyche
  9682 | D:9      | Killed Grum
  9694 | D:9      | Killed Psyche
  9914 | D:9      | Reached skill level 10 in Air Magic
 10005 | D:9      | Reached skill level 5 in Poison Magic
 10118 | D:9      | Noticed an eight-headed hydra
 10125 | D:9      | Killed an eight-headed hydra
 10395 | D:9      | Found a staircase to the Lair.
 10476 | D:9      | Noticed a two-headed ogre
 10479 | D:9      | Killed a two-headed ogre
 10485 | D:9      | Reached XP level 11. HP: 64/64 MP: 8/26
 10576 | D:9      | Found a sparkling altar of Nemelex Xobeh.
 10938 | D:9      | Found a glowing golden altar of the Shining One.
 11043 | D:9      | Noticed Erolcha
 11052 | D:9      | Killed Erolcha
 11181 | D:10     | Entered Level 10 of the Dungeon
 11190 | D:10     | Reached * piety under Vehumet
 11190 | D:10     | Offered knowledge of Freeze by Vehumet.
 11268 | D:10     | Noticed a two-headed ogre
 11405 | D:10     | Found a staircase to the Orcish Mines.
 11410 | D:10     | Killed a two-headed ogre
 11490 | D:10     | Learned a level 4 spell: Olgreb's Toxic Radiance
 11606 | D:10     | Noticed a lindwurm
 11608 | D:10     | Noticed a lindwurm
 11609 | D:10     | Noticed a lindwurm
 11609 | D:10     | Noticed a lindwurm
 11617 | D:10     | Killed a lindwurm
 11618 | D:10     | Reached skill level 10 in Spellcasting
 11740 | D:10     | Killed a lindwurm
 11741 | D:10     | Reached skill level 11 in Air Magic
 11824 | D:10     | Killed a lindwurm
 11825 | D:10     | Reached skill level 1 in Evocations
 11981 | D:10     | Killed a lindwurm
 12386 | D:10     | Found an opulent altar of Gozag.
 12520 | D:10     | Found Susug's Fire Supplies.
 13205 | D:11     | Noticed a boulder beetle
 13211 | D:11     | Killed a boulder beetle
 13709 | D:11     | Found a shadowy altar of Dithmenos.
 13813 | D:11     | Noticed a green ugly thing
 13817 | D:11     | Noticed a green ugly thing
 13827 | D:11     | Slain by a white ugly thing

Illustrated notes

Levels and vault maps discovered:
D:1:      scummos_arrival_hexagon, layout_basic
D:2:      layout_rooms, serial_shops, nicolae_shop_crystal, minmay_quantized
D:3:      layout_rooms, mainiacjoe_overflow_alcove_4, ebering_ghost_rock_garden,
          dreamdust_ecumenical_altar_sealed_demon, minivault_25, uniq_terence,
          uniq_ijyb, uniq_sigmund
D:4:      layout_rooms, mainiacjoe_overflow_small_starburst
D:5:      layout_loops_ring, mainiacjoe_overflow_boulevard, marbit_many_paths,
          serial_undead, serial_undead_b, serial_undead_b, serial_undead_f,
          serial_undead_f, uniq_duvessa
D:6:      layout_cave_pools, lemuel_mausoleum_altar_yredelemnul, uniq_edmund
D:7:      cheibrodos_helix_gallery, layout_basic, minitemple,
          nicolae_uskayaw_dance_hall, minmay_temple_entry_drinking_statues,
          serial_shops, nicolae_shop_temple_entry_statues_fountains, shop, shop,
          shop
D:8:      layout_loops_ring, nzn_wu_jian_contemplation, kb_lookout_dungeons_type
D:9:      minmay_distorted_concentric_squares, layout_basic,
          nicolae_tso_carved_into_rock, nemelex_xobeh_ov_fountains_minmay,
          uniq_psyche, uniq_erolcha, uniq_grum
D:10:     layout_rooms, nicolae_gozag_cash_rules_everything_around_me,
          orc_david_3, nicolae_shop_fire_sale [nicolae_sub_dead_trees],
          minmay_lindwurm_lava
D:11:     layout_basic, nicolae_dithmenos_through_a_glass_darkly
Temple:   nicolae_temple_superstar

Skill      XL: |  1  2  3  4  5  6  7  8  9 10 11 |
---------------+----------------------------------+-----
Stealth        | 3 4 |  4.0
Fighting       | 1 2 3 4 5 6 |  6.4
Conjurations   | 2 3 4 5 6 7 8 |  8.5
Air Magic      | 4 5 6 7 9 10 11 | 11.5
Spellcasting   | 4 5 7 8 9 10 | 10.5
Poison Magic   | 3 6 8 |  8.0
Evocations     | 2 |  2.6
Dodging        | |  2.4

Action                     |  1- 3 |  4- 6 |  7- 9 | 10-12 || total
---------------------------+-------+-------+-------+-------++-------
  Melee: Dagger            |     7 |       |       |       ||     7
         Spear             |       |    23 |    82 |    68 ||   173
         Punch             |       |       |     2 |     1 ||     3
   Cast: Shock             |    64 |   112 |   226 |   103 ||   505
         Static Discharge  |       |     4 |     4 |       ||     8
         Airstrike         |       |     2 |    57 |   105 ||   164
  Evoke: Wand              |       |       |       |     6 ||     6
    Use: Scroll            |     3 |     3 |     3 |     6 ||    15
         Potion            |       |       |     2 |     1 ||     3
 Armour: Robe              |     1 |     2 |    22 |    25 ||    50
  Dodge: Dodged            |    12 |    18 |    52 |    75 ||   157
